 Dungeon Crawl Stone Soup version 0.30-a0-305-g026cb31310 (webtiles) character file.

Game seed: 7793364120504570106

872 hikkokomori the Trooper (level 7, 0/51 HPs)
             Began as a Demonspawn Artificer on Oct 21, 2022.
             Was a Plaything of Xom.
             Slain by an ice beast (11 damage)
             ... on level 5 of the Dungeon.
             The game lasted 00:27:34 (4437 turns).

hikkokomori the Trooper (Demonspawn Artificer)      Turns: 4437, Time: 00:27:35

Health: 0/51       AC:  6    Str: 12    XL:     7   Next: 74%
Magic:  7/7        EV: 12    Int: 11    God:    Xom [*.....]
Gold:   185        SH:  0    Dex: 17    Spells: 4/6 levels left

rFire   . . .      SeeInvis .    y - +0 quarterstaff
rCold   . . .      Faith    .    (shield currently unavailable)
rNeg    . . .      Spirit   .    b - +0 leather armour
rPois   .          Reflect  .    (helmet restricted)
rElec   .          Harm     .    (no cloak)
rCorr   .          Rampage  .    k - +0 pair of gloves
Will    .....                    I - +0 pair of boots
Stlth   ++........               (no amulet)
HPRegen 0.28/turn                (no ring)
MPRegen 0.10/turn                (no ring)

@: unable to read
A: horns 1, rugged brown scales 1, powered by death 2, agile 1, frail 1, weak 1,
inability to read after injury 1
a: Renounce Religion


You were on level 5 of the Dungeon.
You worshipped Xom.
You were a special plaything of Xom.
You visited 1 branch of the dungeon, and saw 5 of its levels.

You collected 185 gold pieces.

Inventory:

Hand Weapons
 f - a +0 hand axe
 h - a +2 short sword of venom
 x - a +0 long sword
 y - a +0 quarterstaff (weapon)
 D - a +0 halberd
Missiles
 l - 8 boomerangs
Armour
 b - a +0 leather armour (worn)
 k - a +0 pair of gloves (worn)
 o - a +1 helmet
 q - a +0 plate armour
 s - a +0 chain mail
 A - a +0 scale mail
 B - a +0 ring mail
 I - a +0 pair of boots (worn)
Magical Staves
 t - a staff of air
Jewellery
 r - a ring of resist corrosion
Wands
 c - a wand of flame (16) (quivered)
 d - a wand of charming (4)
 e - a wand of iceblast (4)
 p - a wand of paralysis (4)
Scrolls
 j - 2 scrolls of enchant armour
 v - a scroll of butterflies {unknown}
 z - a scroll of immolation {unknown}
 F - a scroll of identify
 G - a scroll of magic mapping {unknown}
 H - a scroll of noise {unknown}
Potions
 a - a potion of lignification {unknown}
 g - 2 potions of heal wounds
 i - a potion of resistance
 m - a potion of haste
 n - 2 potions of curing
 u - a potion of brilliance {unknown}
 w - a potion of degeneration
 C - 2 potions of mutation {unknown}
 E - a potion of magic {unknown}
 J - a potion of invisibility {unknown}
 K - 2 potions of cancellation {unknown}


   Skills:
 * Level 4.6 Fighting
 + Level 2.0 Staves
 - Level 3.0 Armour
 - Level 1.9 Dodging
 - Level 2.1 Stealth
 * Level 3.8 Hexes
 + Level 2.6 Ice Magic
 - Level 3.6 Evocations


You had 4 spell levels left.
You knew the following spells:

 Your Spells              Type           Power      Damage    Failure   Level
a - Ensorcelled Hibernat  Hex/Ice        14%        N/A       19%         2

Your spell library contained the following spells:

 Spells                   Type           Power      Damage    Failure   Level
 Passwall                 Tmut/Erth      0%         N/A       56%         2
 Swiftness                Air            0%         N/A       80%         3


Dungeon Overview and Level Annotations

Branches:
Dungeon (5/15)             Temple (0/1) D:5

Altars:
Qazlal
Ru
Uskayaw
Xom

Shops:
D:3 =

Annotations:
D:4 3 runed translucent doors, IdlyInterested's ghost, novice DsWn; ryw's ghost, amateur DsMo


Innate Abilities, Weirdness & Mutations

You have a pair of small horns on your head.
You are partially covered in rugged brown scales. (AC +1, +3% HP)
You regenerate health from kills.
You are agile. (Dex +4, Str/Int -1)
You are frail. (-10% HP)
You are weak. (Str -2)
You occasionally lose the ability to read scrolls when taking damage.


Message History

You sock the hound!
You kill the hound!
Your Staves skill increases to level 2!
No target in view!
An ice beast comes into view.
An ice beast is nearby!
An ice beast is nearby!
An ice beast is nearby!
You hit the ice beast.
The ice beast is moderately wounded.
The ice beast misses you.
The ice beast hits you but does no damage.
Unknown command.
Casting: Ensorcelled Hibernation (safe; 19% risk of failure)
Confirm with . or Enter, or press ? or * to list all spells.
You can't see any susceptible monsters within range! (Use Z to cast anyway.) Unknown command.
Unknown command.
You hit the ice beast. You headbutt the ice beast.
The ice beast is heavily wounded.
The ice beast hits you. The ice beast freezes you!
You hit the ice beast.
You headbutt the ice beast, but do no damage.
The ice beast is severely wounded.
The ice beast closely misses you.
You barely miss the ice beast.
You headbutt the ice beast, but do no damage.
The ice beast is heavily wounded.
The ice beast hits you. The ice beast freezes you!
You hit the ice beast but do no damage. Your headbutt misses the ice beast.
The ice beast is heavily wounded.
The ice beast hits you. The ice beast freezes you!
You feel threatened and lose the ability to read scrolls!
* * * LOW HITPOINT WARNING * * *
You barely miss the ice beast.
The ice beast is heavily wounded.
The ice beast hits you.
* * * LOW HITPOINT WARNING * * *
The ice beast freezes you!
You die...

.###..##...##.# .#
#.......##.# ##
#.#.....##.#####
#.#)#..........####
#.#.#.............#
#.....).....##.##.#####
#........###............
#.##.[...###.Y###....# #
#.......#..@......#
........#.#..##..†..#
.##..........##..#.##
#.##.......##..#.### #.
##................ #
#.....###..######
#.....# ##.# ####### #.#
#)#


You could see an ice beast.

Vanquished Creatures
  Grinder (D:3)
  A sky beast (D:5)
  An ogre (D:5)
  A phantom (D:5)
  2 scorpions
  A jelly (D:5)
  A hound (D:5)
  An iguana (D:5)
  Terence (D:2)
  Robin (D:3)
  3 gnolls (D:4)
  3 adders
  3 ufetubi
  2 worms
  An orc (D:5)
  5 ball pythons
  4 bats
  5 endoplasms
  3 giant cockroaches
  11 goblins
  4 hobgoblins
  10 jackals
  7 quokkas
  2 frilled lizards
  8 kobolds
  6 rats
88 creatures vanquished.

Vanquished Creatures (collateral kills)
  A jelly (D:5)
  An orc (D:5)
  An endoplasm (D:1)
  3 goblins (D:3)
  A hobgoblin (D:3)
  A jackal (D:2)
  A ball python (D:3)
9 creatures vanquished.

Vanquished Creatures (others)
  An orc (D:3)
  2 goblins (D:3)
  A hobgoblin (D:3)
  6 withered plants (D:4)
10 creatures vanquished.

Grand Total: 107 creatures vanquished

Notes
Turn   | Place    | Note
-------+----------+-------------------------------------------
     0 | D:1      | hikkokomori the Demonspawn Artificer began the quest for
                  | the Orb.
     0 | D:1      | Reached XP level 1. HP: 15/15 MP: 1/1
   145 | D:1      | Reached skill level 1 in Dodging
   145 | D:1      | Reached skill level 1 in Stealth
   254 | D:1      | Gained mutation: You are partially covered in rugged brown
                  | scales. (AC +1, +3% HP) [demonic ancestry]
   254 | D:1      | Reached XP level 2. HP: 12/21 MP: 2/2
   711 | D:1      | Reached XP level 3. HP: 22/26 MP: 3/3
  1602 | D:2      | Noticed Terence
  1612 | D:2      | Killed Terence
  1613 | D:2      | Reached skill level 2 in Fighting
  1613 | D:2      | Reached XP level 4. HP: 21/33 MP: 4/4
  1679 | D:2      | Found a faded altar of an unknown god.
  1691 | D:2      | Prayed at the altar of an unknown god.
  1691 | D:2      | Became a worshipper of Xom the Chaotic
  1842 | D:2      | XOM: silly message
  2075 | D:3      | Found a stormy altar of Qazlal.
  2091 | D:3      | Learned a level 2 spell: Ensorcelled Hibernation
  2132 | D:3      | Found a hide-covered altar of Uskayaw.
  2196 | D:3      | Noticed Robin
  2203 | D:3      | XOM: confuse monster(s)
  2278 | D:3      | Killed Robin
  2439 | D:3      | Found a shimmering altar of Xom.
  2440 | D:3      | Found a sacrificial altar of Ru.
  2606 | D:3      | Found Ysitz's Jewellery Emporium.
  2637 | D:3      | Noticed Grinder
  2654 | D:3      | Killed Grinder
  2655 | D:3      | Reached skill level 3 in Fighting
  2655 | D:3      | Reached skill level 1 in Hexes
  2655 | D:3      | Reached skill level 1 in Ice Magic
  2655 | D:3      | Gained mutation: You regenerate a little health from kills.
                  | [demonic ancestry]
  2655 | D:3      | Reached XP level 5. HP: 42/42 MP: 5/5
  2655 | D:3      | Gained mutation: You regenerate health from kills. [demonic
                  | ancestry]
  2655 | D:3      | Reached XP level 6. HP: 48/48 MP: 6/6
  2745 | D:3      | XOM: summons 3 hostile shadow creatures
  3208 | D:4      | XOM: god gift: 3 boomerangs
  3328 | D:4      | XOM: silly message
  3377 | D:4      | XOM: stat loss: -1 Str (14/15)
  3611 | D:4      | Found a runed translucent gate.
  3611 | D:4      | Found a runed translucent gate.
  3612 | D:4      | Found a runed translucent gate.
  3613 | D:4      | Noticed IdlyInterested's ghost (novice DsWn)
  3614 | D:4      | Noticed ryw's ghost (amateur DsMo)
  3682 | D:4      | XOM: 3-stop teleportation journey
  3766 | D:4      | XOM: summons 2 hostile shadow creatures
  4045 | D:4      | XOM: give mutations
  4045 | D:4      | Gained mutation: You are agile. (Dex +4, Str/Int -1) [Xom's
                  | mischief]
  4045 | D:4      | Gained mutation: You occasionally lose the ability to read
                  | scrolls when taking damage. [Xom's mischief]
  4045 | D:4      | Gained mutation: You are weak. (Str -2) [Xom's mischief]
  4045 | D:4      | Gained mutation: You are frail. (-10% HP) [Xom's mischief]
  4063 | D:5      | Entered Level 5 of the Dungeon
  4070 | D:5      | Found a staircase to the Ecumenical Temple.
  4080 | D:5      | Reached skill level 1 in Staves
  4080 | D:5      | Gained mutation: You have a pair of small horns on your
                  | head. [demonic ancestry]
  4080 | D:5      | Reached XP level 7. HP: 45/49 MP: 7/7
  4150 | D:5      | Reached skill level 4 in Fighting
  4205 | D:5      | XOM: chaos upgrade
  4223 | D:5      | XOM: stat loss: -1 Dex (16/17)
  4437 | D:5      | Slain by an ice beast

Illustrated notes

Levels and vault maps discovered:
D:1:      lemuel_arrival_funnel, layout_loops_ring, minmay_quantized
D:2:      layout_loops_corners, shapermc_ecumenical_altar_pompeii,
          kennysheep_generic_room_5, uniq_terence
D:3:      layout_loops_ring, gammafunk_temple_overflow_statue,
          lemuel_crystal_altar, mainiacjoe_overflow_cross_hatched, serial_shops,
          nicolae_shop_window_shopping, uniq_robin, uniq_grinder
D:4:      layout_loops_ring, gammafunk_ghost_cemetery
D:5:      layout_loops_cross, minmay_temple_entry_tees, gup_sewer_entry_spiral,
          serial_shops, nicolae_take_the_stairs, gammafunk_ghost_smash,
          minmay_misc_feat_doors

Skill      XL: |  1  2  3  4  5  6  7 |
---------------+----------------------+-----
Dodging        | 1 |  1.9
Stealth        | 1 2 |  2.1
Armour         | 2 3 |  3.0
Fighting       | 2 3 4 |  4.6
Hexes          | 1 2 3 |  3.8
Ice Magic      | 1 2 |  2.6
Staves         | 1 2 |  2.0
Evocations     | |  3.6

Action                   |  1- 3 |  4- 6 |  7- 9 || total
-------------------------+-------+-------+-------++-------
Melee: Club              |    40 |       |       ||    40
       Hand axe          |    12 |       |       ||    12
       Short sword       |    97 |    39 |       ||   136
       Punch             |     2 |       |       ||     2
       Quarterstaff      |       |    79 |    45 ||   124
       Headbutt          |       |       |    14 ||    14
 Cast: Ensorcelled Hiber |       |       |     2 ||     2
Evoke: Wand              |     5 |    17 |     2 ||    24
  Use: Potion            |     1 |       |       ||     1
       Scroll            |       |     7 |       ||     7
 Stab: Sleeping          |     2 |       |     3 ||     5
       Paralysed         |       |    10 |     4 ||    14
       Distracted        |       |       |     1 ||     1
Armor: Leather armour    |    49 |     9 |    17 ||    75
       Plate armour      |       |    28 |       ||    28
       Chain mail        |       |    72 |       ||    72
Dodge: Dodged            |    89 |    67 |    23 ||   179

Table legend: (Time is in decaauts)
 A = Elapsed time spent in this place.
 B = Non-inter-level travel time spent in this place.
 C = Inter-level travel time spent in this place.
 D = Time resting spent in this place.
 E = Time spent auto-exploring this place.
 F = Levels seen in this place.
 G = Mean time per level.
                   A        B        C        D        E       F      G
               +--------+--------+--------+--------+--------+-----+--------+
         Total |   4482 |   4282 |    200 |    114 |   3016 |   5 |  896.4 |
       Dungeon |   4482 |   4282 |    200 |    114 |   3016 |   5 |  896.4 |
               +--------+--------+--------+--------+--------+-----+--------+

Top non-repeatable levels by time:
     D:2: 1068 daAuts
     D:3: 1022 daAuts
     D:1: 1019 daAuts
     D:4: 986 daAuts
     D:5: 385 daAuts
